 Dungeon Crawl Stone Soup version 0.19.1 (webtiles) character file.

35 Dfrag the Conjurer (level 3, -1/28 HPs)
             Began as a Naga Conjurer on Dec 2, 2016.
             Killed from afar by Natasha (4 damage)
             ... with a magic dart
             ... on level 2 of the Dungeon.
             The game lasted 00:01:14 (896 turns).

Dfrag the Conjurer (Naga Conjurer)                   Turns: 896, Time: 00:01:14

Health: -1/28      AC:  5    Str: 10    XL:     3   Next: 35%
Magic:  3/7        EV: 10    Int: 16    God:
Gold:   87         SH:  0    Dex: 11    Spells: 2 memorised, 4 levels left

rFire  . . .     SeeInvis +     l - +2 dagger (drain)
rCold  . . .     Gourm    .     a - +0 robe
rNeg   . . .     Faith    .     (no shield)
rPois  +         Spirit   .     f - +0 helmet
rElec  .         Reflect  .     (no cloak)
rCorr  .         Harm     .     k - +1 pair of gloves
MR     .....                    (no barding)
Stlth  ++........               (no amulet)
                                (no ring)
                                (no ring)

@: very slow
A: see invisible, deformed body, poison resistance, slowness 2, slow metabolism
1, spit poison 1, AC +1
a: Spit Poison


You were on level 2 of the Dungeon.
You were hungry.

You visited 1 branch of the dungeon, and saw 2 of its levels.

You collected 87 gold pieces.

Inventory:

Hand Weapons
 l - a +2 dagger of draining (weapon)
Armour
 a - a +0 robe (worn)
 f - a +0 helmet (worn)
 k - a +1 pair of gloves (worn)
Scrolls
 d - 3 scrolls of recharging {unknown}
 e - a scroll of teleportation {unknown}
 g - 3 scrolls of identify {unknown}
 i - a scroll of blinking {unknown}
 m - 2 scrolls of enchant weapon {unknown}
 o - a scroll of remove curse {unknown}
Books
 b - a book of Conjurations

   Spells                             Type                      Level
   a - Magic Dart                     Conjuration                  1
   b - Searing Ray                    Conjuration                  2
   c - Dazzling Spray                 Conjuration/Hexes            3
   d - Fulminant Prism                Conjuration/Hexes            4
   e - Iskenderun's Mystic Blast      Conjuration                  4
   f - Iskenderun's Battlesphere      Conjuration/Charms           5
 n - a book of Misfortune

   Spells                             Type                      Level
   a - Confusing Touch                Hexes                        1
   b - Confuse                        Hexes                        3
   c - Gell's Gravitas                Hexes/Translocation          3
   d - Petrify                        Transmutation/Earth          4
   e - Metabolic Englaciation         Hexes/Ice                    5
   f - Yara's Violent Unravelling     Hexes/Transmutation          5
Comestibles
 c - a bread ration
 h - 2 meat rations
 j - 3 beef jerkies


   Skills:
 - Level 1.5 Dodging
 - Level 3.0 Stealth
 * Level 2.9 Spellcasting
 + Level 4.4 Conjurations


You had 4 spell levels left.
You knew the following spells:

 Your Spells              Type           Power        Failure   Level  Hunger
a - Magic Dart            Conj           ###.         3%          1    #......
b - Searing Ray           Conj           ###...       6%          2    ##.....


Dungeon Overview and Level Annotations

Branches:
Dungeon (2/15)

Altars:

Annotations:
D:2 Natasha


Innate Abilities, Weirdness & Mutations

You cannot wear boots.
Your serpentine skin is tough. (AC +1)
You have supernaturally acute eyesight. (SInv)
Armour fits poorly on your strangely shaped body.
Your system is resistant to poisons. (rPois)
You cover ground very slowly.
You have a slow metabolism.
You can spit poison.


Message History

You closely miss the hobgoblin. The hobgoblin hits you.
* * * LOW HITPOINT WARNING * * *
The crimson imp blinks!
Natasha claws you but does no damage.
Natasha casts a spell.
Casting: Magic Dart
Confirm with . or Enter, or press ? or * to list all spells.
Aiming: Searing Ray
Press: ? - help, Shift-Dir - straight line, f - hobgoblin
Aim: a hobgoblin The searing ray hits the hobgoblin.
The hobgoblin is heavily wounded.
The hobgoblin barely misses you.
The searing ray hits the hobgoblin.
The hobgoblin is almost dead.
The hobgoblin barely misses you.
The searing ray hits the hobgoblin.
You kill the hobgoblin!
Natasha stares at you and mumbles some strange words.
The magic dart hits you!
You die...

..# ..# ... ##.#
..#####.. #.# #55%...%.
#.# #h# #.# #.# #.# #..#
#@# #.# #..###.######.
#.# #............. #.#
#..###.######. ###.###
#..# #.# #.....# #..#
#.#
#.....#####..###.######
#.......................
).....#####.############


You could see an iron imp, Natasha and a crimson imp.

Vanquished Creatures
  A worm (D:2)
  A dart slug (D:2)
  2 ball pythons
  2 bats (D:1)
  A giant cockroach (D:1)
  4 goblins
  3 hobgoblins
  4 jackals (D:1)
  A quokka (D:1)
  4 kobolds
  3 rats (D:2)
26 creatures vanquished.

Notes
Turn   | Place    | Note
-------+----------+-------------------------------------------
     0 | D:1      | Dfrag the Naga Conjurer began the quest for the Orb.
     0 | D:1      | Reached XP level 1. HP: 15/15 MP: 3/3
   153 | D:1      | Reached XP level 2. HP: 13/22 MP: 1/5
   207 | D:1      | Learned a level 2 spell: Searing Ray
   743 | D:2      | Reached XP level 3. HP: 28/28 MP: 7/7
   879 | D:2      | Noticed Natasha
   896 | D:2      | Killed from afar by Natasha

Action                   || total
-------------------------++-------
Melee: Unarmed           ||     9
       Dagger            ||    43
 Cast: Magic Dart        ||    10
       Searing Ray       ||     1
 Abil: Spit Poison       ||    14
 Stab: Sleeping          ||     2
Armor: Robe              ||    16
Dodge: Dodged            ||    41
